 Dungeon Crawl Stone Soup version 0.27-a0-3-gcf006a40f5 (webtiles) character file.

Game seed: 7897566022211533017

220 pkoi the Skirmisher (level 5, -3/47 HPs)
             Began as a Minotaur Fighter on Jan 2, 2021.
             Was an Initiate of Wu Jian.
             Slain by an ogre
             ... wielding a +0 giant club
              (14 damage)
             ... on level 4 of the Dungeon.
             The game lasted 00:03:45 (2839 turns).

pkoi the Skirmisher (Minotaur Fighter)              Turns: 2839, Time: 00:03:45

Health: -3/47      AC:  7    Str: 21    XL:     5   Next: 64%
Magic:  4/4        EV:  7    Int:  5    God:    Wu Jian [......]
Gold:   204        SH: 11    Dex: 16    Spells: 4/4 levels left

rFire    . . .     SeeInvis .     - Unarmed
rCold    . . .     Faith    .   b - +1 kite shield
rNeg     . . .     Spirit   .   a - +0 scale mail
rPois    .         Reflect  .   (helmet restricted)
rElec    .         Harm     .   (no cloak)
rCorr    .         Rampage  .   (no gloves)
Will     .....                  (no boots)
Stlth    ..........             (no amulet)
HPRegen  0.15/turn              (no ring)
MPRegen  0.09/turn              p - +6 ring of dexterity

@: mighty
A: retaliatory headbutt, horns 2
a: Renounce Religion


You were on level 4 of the Dungeon.
You worshipped Wu Jian.
Wu Jian was noncommittal.
You visited 1 branch of the dungeon, and saw 4 of its levels.

You collected 204 gold pieces.

Inventory:

Missiles
 i - 76 poisoned darts (quivered)
 l - 5 silver boomerangs
Armour
 a - a +0 scale mail (worn)
 b - a +1 kite shield (worn)
Jewellery
 p - a +6 ring of dexterity (right hand)
Wands
 k - a wand of paralysis (10)
Scrolls
 g - a scroll of random uselessness
 h - 2 scrolls of remove curse
 j - 4 scrolls of identify
Potions
 d - a potion of cancellation {unknown}
 e - a potion of resistance {unknown}
 f - a potion of heal wounds {unknown}
 m - a potion of attraction {unknown}
 n - 2 potions of brilliance
 o - a potion of berserk rage {unknown}


   Skills:
 + Level 4.7 Fighting
 + Level 4.7 Armour
 + Level 4.7 Shields
 * Level 4.4 Unarmed Combat


You had 4 spell levels left.
You didn't know any spells.
Your spell library contained the following spells:

 Spells                   Type           Power        Failure   Level
 Animate Skeleton         Necr           0%           99%         1
 Pain                     Necr           0%           99%         1
 Vampiric Draining        Necr           0%           100%        3
 Animate Dead             Necr           0%           100%        4
 Agony                    Necr           0%           100%        5


Dungeon Overview and Level Annotations

Branches:
Dungeon (4/15)
 Temple: D:4-7

Altars:
Cheibriados
Wu Jian

Portals:
Ossuary: D:4


Innate Abilities, Weirdness & Mutations

You reflexively headbutt those who attack you in melee.
You have a pair of horns on your head.


Message History

The ogre is moderately wounded.
You block the ogre's attack. x2
You punch the ogre!
The ogre is severely wounded.
The orc wizard casts a spell.
The orc wizard blinks!
The ogre closely misses you. You furiously retaliate!
You headbutt the ogre!
You kill the ogre!
The Council accepts your kill.
You have reached level 5!
You punch the ogre! You headbutt the ogre!
The ogre is severely wounded.
The ogre hits you with a +0 giant club.
* * * LOW HITPOINT WARNING * * *
You block the orc's attack.
Unknown command.
You punch the ogre! Your headbutt misses the ogre.
The ogre is almost dead.
The ogre hits you with a +0 giant club!
You die...

#.. #.> .. ## ####
...#... .∩.#.>.###
#...#@# ##oO##..#
###.ol....# #
#...#.....# ##.
###.####......
##..#####...<#........
......#..o.$........<.
....o.......#.##......
.......<...#### .....


You could see an ogre, an orc wizard, 2 orcs and a leopard gecko.

Vanquished Creatures
  An ogre (D:4)
  Jessica (D:2)
  An adder (D:3)
  2 oozes (D:3)
  A worm (D:3)
  10 dart slugs
  5 orcs (D:3)
  5 giant cockroaches
  5 goblins
  8 hobgoblins
  3 quokkas (D:2)
  3 ball pythons
  5 bats
  3 frilled lizards
  5 kobolds
  5 rats
63 creatures vanquished.

Notes
Turn   | Place    | Note
-------+----------+-------------------------------------------
     0 | D:1      | pkoi the Minotaur Fighter began the quest for the Orb.
     0 | D:1      | Reached XP level 1. HP: 19/19 MP: 0/0
   135 | D:1      | Reached XP level 2. HP: 27/27 MP: 1/1
  1051 | D:2      | Reached XP level 3. HP: 33/33 MP: 2/2
  1156 | D:2      | Noticed Jessica
  1169 | D:2      | Killed Jessica
  1390 | D:2      | Reached XP level 4. HP: 34/40 MP: 3/3
  1465 | D:2      | Found a faded altar of an unknown god.
  2052 | D:3      | Found a snail-covered altar of Cheibriados.
  2055 | D:3      | Found an ornate altar of the Wu Jian Council.
  2065 | D:3      | Became a worshipper of the Wu Jian Council
  2814 | D:4      | Noticed an ogre
  2815 | D:4      | Noticed an ogre
  2830 | D:4      | Found a sand-covered staircase.
  2837 | D:4      | Killed an ogre
  2838 | D:4      | Reached XP level 5. HP: 17/47 MP: 4/4
  2839 | D:4      | Slain by an ogre

Illustrated notes

Levels and vault maps discovered:
D:1:      dpeg_arrival_simpleton_a, layout_basic
D:2:      layout_loops_cross, chequers_ecumenical_altar_island, uniq_jessica
D:3:      kennysheep_slugbush, layout_basic, minitemple
D:4:      layout_cave_pools, cheibrodos_sewer_entry_sluice,
          nicolae_ossuary_entry_false_entrances, grunt_decor_one_mirror,
          chequers_serial_rivers_marsh

Skill      XL: |  1  2  3  4 |
---------------+-------------+-----
Armour         | 4 |  4.7
Unarmed Combat | 3 4 |  4.4
Fighting       | 4 |  4.7
Shields        | 4 |  4.7

Action                   |  1- 3 |  4- 6 || total
-------------------------+-------+-------++-------
Melee: Unarmed           |    79 |    61 ||   140
       Headbutt          |    13 |    16 ||    29
Throw: Dart              |     6 |       ||     6
Invok: Lunge             |       |     5 ||     5
  Use: Scroll            |       |     9 ||     9
       Potion            |       |     1 ||     1
Armor: Scale mail        |    38 |    10 ||    48
Dodge: Dodged            |    26 |     6 ||    32
Block: Kite shield       |    39 |    28 ||    67

Table legend: (Time is in decaauts)
 A = Elapsed time spent in this place.
 B = Non-inter-level travel time spent in this place.
 C = Inter-level travel time spent in this place.
 D = Time resting spent in this place.
 E = Time spent auto-exploring this place.
 F = Levels seen in this place.
 G = Mean time per level.
                   A        B        C        D        E       F      G
               +--------+--------+--------+--------+--------+-----+--------+
         Total |   2859 |   2733 |    126 |      0 |   2286 |   4 |  714.8 |
       Dungeon |   2859 |   2733 |    126 |      0 |   2286 |   4 |  714.8 |
               +--------+--------+--------+--------+--------+-----+--------+

Top non-repeatable levels by time:
     D:3: 1203 daAuts
     D:2: 1019 daAuts
     D:1: 602 daAuts
     D:4: 34 daAuts
